 Dungeon Crawl Stone Soup version 0.25-a0-502-g6516661a7a (webtiles) character file.

Game seed: 18188092703216308256, levelgen mode: deterministic

86500 Cipolla the Nimble (level 15, -2/118 HPs)
             Began as a Gnoll Wanderer on Feb 5, 2020.
             Was a Priest of Ashenzari.
             Slain by a ghost moth (6 damage)
             ... on level 4 of the Spider Nest on Feb 12, 2020.
             The game lasted 03:42:46 (46136 turns).

Cipolla the Nimble (Gnoll Wanderer)                Turns: 46136, Time: 03:42:46

Health: -2/118     AC: 16    Str: 15      XL:     15   Next: 87%
Magic:  0/29       EV: 18    Int: 15 (17) God:    Ashenzari [***...]
Gold:   555        SH:  7    Dex: 16 (18) Spells: 19/34 levels left

rFire    + . .     SeeInvis +   x - +6 dagger (venom) (curse)
rCold    . . .     Gourm    .   H - +0 buckler
rNeg     + . .     Faith    .   F - +3 swamp dragon scales (curse)
rPois    +         Spirit   +   (no helmet)
rElec    +         Reflect  .   B - +0 cloak
rCorr    .         Harm     .   z - +0 pair of gloves
MR       +....                  (no boots)
Stlth    +++.......             t - amulet of guardian spirit
HPRegen  0.29/turn              m - ring of positive energy
MPRegen  0.21/turn              D - ring of protection from fire

@: lethally poisoned (-2 -> -59), studying Axes, lightly drained, very slow
A: distributed training, fangs 1, thin skeletal structure 1, clumsy 1,
electricity resistance, strong nose
a: Curse Item, Scrying, Renounce Religion


You were on level 4 of the Spider Nest.
You worshipped Ashenzari.
Ashenzari was most pleased with you.
You were hungry.

You visited 5 branches of the dungeon, and saw 23 of its levels.
You visited the Abyss 2 times.

You collected 1293 gold pieces.
You spent 738 gold pieces at shops.

Inventory:

Hand Weapons
 i - a +2 short sword of distortion
 x - a cursed +6 dagger of venom (weapon)
 y - a +0 shortbow
 E - a +2 vorpal scimitar
 K - a +2 rapier of freezing
 T - a +1 whip of electrocution
Missiles
 f - 17 stones
 L - 412 arrows
 R - 9 boomerangs (quivered)
Armour
 a - the +2 robe of Gacrit {Int+4 Slay+2 Stlth+}
   (You bought it in a shop on level 4 of the Dungeon)

   It affects your intelligence (+4).
   It affects your accuracy and damage with ranged weapons and melee attacks
   (+2).
   It makes you more stealthy.
   If you switch to wearing this armour, your AC will decrease by 9 (16 -> 7).
 b - the +2 leather armour of the Spider Nest {rC+++ MR+ Regen+ Slay-5}
   (You bought it in a shop on level 4 of the Dungeon)

   It affects your accuracy and damage with ranged weapons and melee attacks
   (-5).
   It renders you almost immune to cold.
   It affects your resistance to hostile enchantments.
   It increases your rate of regeneration.
   If you switch to wearing this armour, your AC will decrease by 7 (16 -> 9).
 z - a +0 pair of gloves (worn)
 B - a +0 cloak (worn)
 F - cursed +3 swamp dragon scales (worn)
 H - a +0 buckler (worn)
 U - a +0 robe of the Archmagi
Jewellery
 m - a ring of positive energy (left hand)
 t - an amulet of guardian spirit (around neck)
 D - a ring of protection from fire (right hand)
 S - an uncursed amulet of regeneration
Wands
 q - a wand of flame (11)
 I - a wand of enslavement (18)
 N - a wand of polymorph (4)
 V - a wand of digging (2)
 W - a wand of acid (8)
Scrolls
 j - 21 scrolls of identify
 k - 2 scrolls of vulnerability
 n - a scroll of silence
 s - a scroll of amnesia
 J - 3 scrolls of magic mapping
 X - 8 scrolls of remove curse
Potions
 c - a potion of flight
 d - 2 potions of heal wounds
 h - 5 potions of agility
 l - 2 potions of resistance
 o - a potion of cancellation {unknown}
 p - 2 potions of brilliance {unknown}
 v - 2 potions of might {unknown}
 C - 3 potions of berserk rage
 G - 2 potions of invisibility {unknown}
 P - a potion of ambrosia {unknown}
Books
 O - a manual of Axes
Miscellaneous
 e - a lightning rod (4/4)
 Z - a phial of floods (inert)
Comestibles
 g - 9 rations


   Skills:
 + Level 11.1(10.8) Fighting
 + Level 10.2(12.6) Short Blades
 + Level 10.2(9.9) Long Blades
 + Level 11.1(10.9) Axes
 + Level 10.2(9.9) Maces & Flails
 + Level 10.2(9.9) Polearms
 + Level 10.2(9.9) Staves
 + Level 10.2(9.9) Slings
 + Level 10.2(9.9) Bows
 + Level 10.2(9.9) Crossbows
 + Level 10.2(9.9) Throwing
 + Level 11.1(10.8) Armour
 + Level 11.1(10.8) Dodging
 + Level 11.0(10.7) Stealth
 + Level 10.2(9.9) Shields
 + Level 10.5(10.3) Unarmed Combat
 + Level 10.2(9.9) Spellcasting
 + Level 8.6(8.4) Conjurations
 + Level 8.6(8.4) Hexes
 + Level 8.6(8.4) Charms
 + Level 8.6(8.4) Summonings
 + Level 8.6(8.4) Necromancy
 + Level 8.6(8.4) Translocations
 + Level 8.6(8.4) Transmutations
 + Level 8.6(8.4) Fire Magic
 + Level 8.6(8.4) Ice Magic
 + Level 8.6(8.4) Air Magic
 + Level 8.6(8.4) Earth Magic
 + Level 8.6(8.4) Poison Magic
 + Level 11.0(10.8) Invocations
 + Level 10.5(10.3) Evocations


You had 19 spell levels left.
You knew the following spells:

 Your Spells              Type           Power        Failure   Level  Hunger
a - Yara's Violent Unrav  Hex/Tmut       ####......   14%         5    #####..
b - Summon Mana Viper     Hex/Summ       ####....     14%         5    #####..
c - Summon Forest         Summ/Tloc      ####......   14%         5    #####..

Your spell library contained the following spells:

 Spells                   Type           Power        Failure   Level  Hunger
 Poisonous Vapours        Pois/Air       ####..       1%          2    None
 Sublimation of Blood     Necr           ####......   1%          2    None
 Conjure Flame            Conj/Fire      ####....     1%          3    #......
 Ignite Poison            Fire/Tmut/Pois ####....     1%          3    #......
 Mephitic Cloud           Conj/Pois/Air  ####....     1%          3    #......
 Recall                   Summ/Tloc      N/A          1%          3    #......
 Cause Fear               Hex            ####......   5%          4    ###....
 Petrify                  Tmut/Erth      ####....     5%          4    ###....
 Alistair's Intoxication  Tmut/Pois      ####....     14%         5    #####..
 Aura of Abjuration       Summ           ####......   14%         5    #####..
 Irradiate                Conj/Tmut      ####......   14%         5    #####..
 Silence                  Hex/Air        ####......   14%         5    #####..
 Summon Demon             Summ           ####......   14%         5    #####..
 Deflect Missiles         Chrm/Air       ####......   63%         6    ######.
 Eringya's Noxious Bog    Tmut/Pois      ####......   63%         6    ######.
 Freezing Cloud           Conj/Ice/Air   ####......   63%         6    ######.
 Shadow Creatures         Summ           N/A          63%         6    ######.
 Ring of Flames           Chrm/Fire      ####......   99%         7    #######
 Discord                  Hex            ####......   100%        8    #######


Dungeon Overview and Level Annotations

Branches:
Dungeon (11/15)            Temple (1/1) D:5            Lair (6/6) D:9
  Swamp (1/4) Lair:4       Spider (4/4) Lair:3        Slime (0/5) Lair:5
    Orc: D:9-12

Altars:
Ashenzari
Cheibriados
Dithmenos
Elyvilon
Fedhas
Gozag
Hepliaklqana
Kikubaaqudgha
Makhleb
Nemelex Xobeh
Okawaru
Qazlal
Ru
Sif Muna
Trog
Uskayaw
Vehumet
Wu Jian
Xom
Yredelemnul
Zin
The Shining One

Shops:
D:4 [   D:8 !

Annotations:
D:6 2 transporters, emiel's ghost, novice FoWn
Lair:6 1 runed translucent door


Innate Abilities, Weirdness & Mutations

Your experience applies equally to all skills.
You have very sharp teeth.
Your uncanny sense of smell can sniff out nearby items.
You have a somewhat thin skeletal structure. (Dex +2, Stealth)
You are clumsy. (Dex -2)
You are resistant to electric shocks. (rElec)


Message History

You block the spectral tarantella's attack.
The ghost moth stares at you. The ghost moth hits you.
* * * LOW HITPOINT WARNING * * *
The ghost moth completely misses you.
The ghost moth stings you but does no damage.
The spectral tarantella bites you.
* * * LOW HITPOINT WARNING * * *
You feel better. The ghost moth stares at you.
You block the ghost moth's attack. The ghost moth completely misses you.
The ghost moth stings you.
* * * LOW HITPOINT WARNING * * *
You are lethally poisoned!
The ghost moth poisons you!
You block the spectral tarantella's attack.
The ghost moth stares at you. The ghost moth barely misses you.
The ghost moth closely misses you. The ghost moth stings you.
You die...

,,^*^,,.,,,,#.#^.^#
*******#.,,≈#.....#
,,,,,,∆*^^≈≈#≈≈...#
,,^,,*,##≈≈{#≈≈≈..#
,,,,,*∆#≈≈###≈≈#^.#
,,,,,*∆#≈≈≈≈≈≈≈≈..#
,,,,,*∆#^.≈≈≈≈≈≈..#
,,,,,*∆#.≈≈≈≈≈≈yZ.##
,,,,,*$#≈#≈##≈#≈@.##
,,,..#.#≈≈≈≈#≈≈≈≈.##
,,,s..$#^.≈≈#≈≈≈..##
***#####.!.≈#.≈≈.###
,,*.........#.≈≈..##
,,,.^s....#.#.≈≈.^##
,,,...#.....#.≈≈.^##
#############^#≈≈.##
≈≈≈.#....^.#..^≈≈.##


You could see a ghost moth (invisible) and a spectral tarantella.

Vanquished Creatures
  3 emperor scorpions
  A ghost moth (Spider:4)
  An entropy weaver (Spider:2)
  3 spark wasps
  Harold (D:8)
  3 hydras
  A centaur warrior (D:10)
  A queen ant (Spider:2)
  An alligator (Swamp:1)
  An ogre mage (D:10)
  Sonja (D:9)
  2 lindwurms (Lair:6)
  A spectral wolf spider (Spider:4)
  Pikel (D:8)
  An ugly thing (D:7)
  A wolf spider zombie (Spider:4)
  11 orb spiders
  21 wolf spiders
  A guardian serpent (Lair:6)
  11 black mambas
  4 moths of wrath
  5 elephants
  10 spiny frogs
  6 torpor snails (Lair:6)
  Maggie (D:6)
  10 komodo dragons
  A spectral redback (Spider:4)
  A redback zombie (Spider:4)
  A rime drake (Lair:5)
  12 demonic crawlers
  3 tyrant leeches (Lair:6)
  20 jumping spiders
  A queen bee (D:9)
  2 polar bears
  A spectral tarantella (Spider:3)
  16 hornets
  11 blink frogs
  A slime creature (Lair:5)
  6 hippogriffs
  17 tarantellas
  51 redbacks
  2 basilisks
  7 wyverns
  2 hungry ghosts (D:9)
  28 yaks
  A steam dragon (D:10)
  Menkaure (D:6)
  An acid dragon (D:10)
  17 water moccasins
  Duvessa (D:5)
  A hornet zombie (D:9)
  4 ice beasts
  6 porcupines
  An orc warrior (D:7)
  2 black bears
  A phantom (D:6)
  5 ogres
  7 centaurs
  10 crocodiles
  9 wolves
  2 big kobolds
  14 bullfrogs
  Dowan (D:5)
  A wyvern skeleton (D:8)
  3 scorpions
  7 killer bees
  A centaur zombie (D:9)
  A quasit (D:9)
  10 crimson imps
  A bullfrog zombie (D:6)
  5 orc wizards
  3 orc priests
  5 hounds
  4 jellies
  Crazy Yiuf (D:7)
  A bullfrog skeleton (D:7)
  2 centaur skeletons
  4 hell rats
  3 iguanas
  11 worker ants
  A hound zombie (D:9)
  A hound skeleton (D:5)
  2 worker ant zombies
  A gnoll (D:2)
  7 adders
  18 river rats
  A shadow imp (D:9)
  2 adder skeletons (D:9)
  4 worms
  2 dart slugs
  4 leopard geckos
  34 orcs
  2 ball pythons
  4 bats
  11 giant cockroaches
  10 goblins
  9 hobgoblins
  11 jackals
  14 kobolds
  15 quokkas
  7 frilled lizards
  A jackal skeleton (D:7)
  2 quokka zombies
  20 rats
  2 plants (Lair:6)
618 creatures vanquished.

Vanquished Creatures (collateral kills)
  A rakshasa (D:10)
  An orb spider (Spider:4)
  A demonic crawler (Spider:4)
  2 spectral redbacks (Spider:4)
  5 jumping spiders
  2 hornets
  A spectral jumping spider (Spider:4)
  2 spectral tarantellas (Spider:4)
  A redback (Spider:4)
  2 tarantellas (Spider:4)
  A spectral hornet (Spider:4)
  A bullfrog (D:10)
20 creatures vanquished.

Vanquished Creatures (others)
  A komodo dragon (Swamp:1)
  2 slaves (D:8)
  A swamp drake (Swamp:1)
  A sky beast (D:8)
  A leopard gecko (D:8)
  15 fungi
  51 plants
  2 snaplasher vines (Spider:4)
74 creatures vanquished.

Grand Total: 712 creatures vanquished

Notes
Turn   | Place    | Note
-------+----------+-------------------------------------------
     0 | D:1      | Cipolla the Gnoll Wanderer began the quest for the Orb.
     0 | D:1      | Cipolla set off with the following items: a +0 club, a
                  | scroll of blinking, 2 potions of lignification, a +0 robe,
                  | a potion of heal wounds, a +0 dagger, a ration
     0 | D:1      | Reached XP level 1. HP: 20/20 MP: 2/2
   286 | D:1      | Reached XP level 2. HP: 24/26 MP: 3/3
  1104 | D:2      | Reached XP level 3. HP: 31/31 MP: 4/4
  1352 | D:2      | Reached skill level 1 in Invocations
  1472 | D:2      | Reached skill level 1 in Short Blades
  1472 | D:2      | Reached skill level 1 in Long Blades
  1472 | D:2      | Reached skill level 1 in Axes
  1472 | D:2      | Reached skill level 1 in Maces & Flails
  1472 | D:2      | Reached skill level 1 in Polearms
  1472 | D:2      | Reached skill level 1 in Staves
  1472 | D:2      | Reached skill level 1 in Slings
  1472 | D:2      | Reached skill level 1 in Bows
  1472 | D:2      | Reached skill level 1 in Crossbows
  1472 | D:2      | Reached skill level 1 in Throwing
  1472 | D:2      | Reached skill level 1 in Shields
  1472 | D:2      | Reached skill level 1 in Spellcasting
  1472 | D:2      | Reached XP level 4. HP: 32/38 MP: 3/6
  1789 | D:3      | Reached skill level 1 in Conjurations
  1789 | D:3      | Reached skill level 1 in Hexes
  1789 | D:3      | Reached skill level 1 in Charms
  1789 | D:3      | Reached skill level 1 in Summonings
  1789 | D:3      | Reached skill level 1 in Necromancy
  1789 | D:3      | Reached skill level 1 in Translocations
  1789 | D:3      | Reached skill level 1 in Transmutations
  1789 | D:3      | Reached skill level 1 in Fire Magic
  1789 | D:3      | Reached skill level 1 in Ice Magic
  1789 | D:3      | Reached skill level 1 in Air Magic
  1789 | D:3      | Reached skill level 1 in Earth Magic
  1789 | D:3      | Reached skill level 1 in Poison Magic
  1915 | D:3      | Reached XP level 5. HP: 42/43 MP: 7/7
  2176 | D:3      | Found an opulent altar of Gozag.
  2177 | D:3      | Found a sparkling altar of Nemelex Xobeh.
  2573 | D:4      | Found Waotuz Koto's Antique Armour Shoppe.
  2682 | D:4      | Reached XP level 6. HP: 27/50 MP: 5/8
  2920 | D:4      | Found a shattered altar of Ashenzari.
  3242 | D:4      | Found a shimmering blue altar of Sif Muna.
  3445 | D:5      | Entered Level 5 of the Dungeon
  3463 | D:5      | Noticed Duvessa
  3464 | D:5      | Noticed Dowan
  3606 | D:5      | Reached skill level 5 in Fighting
  3606 | D:5      | Reached skill level 5 in Armour
  3606 | D:5      | Reached skill level 5 in Dodging
  3888 | D:4      | Bought a pitted leather armour for 168 gold pieces
  3898 | D:4      | Identified the +2 leather armour of the Spider Nest {rC+++
                  | MR+ Regen+ Slay-5} (You bought it in a shop on level 4 of
                  | the Dungeon)
  4012 | D:5      | Killed Duvessa
  4012 | D:5      | Reached XP level 7. HP: 46/56 MP: 7/10
  4032 | D:5      | Killed Dowan
  4477 | D:5      | Found a bloodstained altar of Trog.
  4677 | D:5      | Found a staircase to the Ecumenical Temple.
  4683 | Temple   | Entered the Ecumenical Temple
  5038 | D:4      | Found a blossoming altar of Fedhas.
  5057 | D:4      | Became a worshipper of Ashenzari the Shackled
  5138 | D:6      | Reached skill level 5 in Stealth
  5220 | D:6      | Noticed Maggie
  5255 | D:6      | Killed Maggie
  5255 | D:6      | Reached XP level 8. HP: 39/63 MP: 9/12
  5930 | D:6      | Found a transporter.
  5944 | D:6      | Noticed a vampire
  5995 | D:6      | Reached XP level 9. HP: 45/69 MP: 9/14
  6051 | D:6      | Found a transporter.
  6052 | D:6      | Noticed emiel's ghost (novice FoWn)
  6627 | D:7      | Noticed Menkaure
  6694 | D:8      | Noticed Harold
  6811 | D:6      | Gained mutation: You are clumsy. (Dex -2) [potion of
                  | mutation]
  6811 | D:6      | Gained mutation: You have a somewhat thin skeletal
                  | structure. (Dex +2, Stealth) [potion of mutation]
  6811 | D:6      | Gained mutation: You are resistant to electric shocks.
                  | (rElec) [potion of mutation]
  6943 | D:7      | HP: 3/69 [centaur/arrow (8)]
  7488 | D:7      | Reached skill level 5 in Unarmed Combat
  7488 | D:7      | Reached skill level 5 in Evocations
  8023 | D:7      | Found a runed translucent door.
  8024 | D:7      | Noticed Crazy Yiuf
  8031 | D:7      | Killed Crazy Yiuf
  8469 | D:8      | Noticed Pikel
  8477 | D:8      | Killed Pikel
  8477 | D:8      | Reached skill level 5 in Invocations
  8477 | D:8      | Reached XP level 10. HP: 77/77 MP: 15/17
  8555 | D:8      | Found Kyl Zur's Distillery.
  8562 | D:8      | Bought a potion of curing for 42 gold pieces
  8745 | D:8      | Noticed a cyan ugly thing
  8842 | D:7      | Killed a cyan ugly thing
  9058 | D:8      | Killed Harold
  9058 | D:8      | Reached skill level 5 in Short Blades
  9058 | D:8      | Reached skill level 5 in Long Blades
  9058 | D:8      | Reached skill level 5 in Axes
  9058 | D:8      | Reached skill level 5 in Maces & Flails
  9058 | D:8      | Reached skill level 5 in Polearms
  9058 | D:8      | Reached skill level 5 in Staves
  9058 | D:8      | Reached skill level 5 in Slings
  9058 | D:8      | Reached skill level 5 in Bows
  9058 | D:8      | Reached skill level 5 in Crossbows
  9058 | D:8      | Reached skill level 5 in Throwing
  9058 | D:8      | Reached skill level 5 in Shields
  9058 | D:8      | Reached skill level 5 in Spellcasting
  9477 | D:8      | Reached * piety under Ashenzari
 10331 | D:10     | Entered Level 10 of the Dungeon
 10576 | D:9      | Found a staircase to the Lair.
 10927 | Lair:1   | Entered Level 1 of the Lair of Beasts
 11042 | Lair:1   | Noticed a black mamba
 11077 | D:9      | a black mamba changed into a queen bee
 11212 | Lair:1   | Noticed Sonja
 11911 | D:10     | Reached XP level 11. HP: 84/84 MP: 19/19
 12060 | D:10     | Noticed an ogre mage
 12106 | D:10     | Killed an ogre mage
 12568 | D:9      | Upgraded the game from 0.25-a0-464-g3004169c2b to
                  | 0.25-a0-478-g33c61bdccf
 12581 | D:10     | Noticed a centaur warrior
 12985 | D:9      | Cast into level 2 of the Abyss (Sonja)
 12985 | Abyss:2  | Found a radiant altar of Vehumet.
 13054 | D:9      | Escaped the Abyss
 13154 | D:9      | Cast into level 1 of the Abyss (Sonja)
 13155 | Abyss:1  | Reached ** piety under Ashenzari
 13252 | Abyss:1  | Noticed a tentacled monstrosity
 13253 | Abyss:1  | Noticed a worldbinder
 13255 | Abyss:1  | Noticed a tentacled starspawn
 13291 | Abyss:1  | Noticed a bone dragon
 13314 | Abyss:1  | Noticed a lich
 13326 | Abyss:1  | Noticed a cacodemon
 13361 | Abyss:1  | Noticed a shadow demon
 13454 | D:9      | Escaped the Abyss
 13514 | D:9      | Killed Sonja
 13514 | D:9      | Reached skill level 5 in Conjurations
 13514 | D:9      | Reached skill level 5 in Hexes
 13514 | D:9      | Reached skill level 5 in Charms
 13514 | D:9      | Reached skill level 5 in Summonings
 13514 | D:9      | Reached skill level 5 in Necromancy
 13514 | D:9      | Reached skill level 5 in Translocations
 13514 | D:9      | Reached skill level 5 in Transmutations
 13514 | D:9      | Reached skill level 5 in Fire Magic
 13514 | D:9      | Reached skill level 5 in Ice Magic
 13514 | D:9      | Reached skill level 5 in Air Magic
 13514 | D:9      | Reached skill level 5 in Earth Magic
 13514 | D:9      | Reached skill level 5 in Poison Magic
 15570 | Lair:2   | Noticed a six-headed hydra
 16116 | D:10     | Noticed a rakshasa
 16325 | D:10     | Killed a centaur warrior
 16325 | D:10     | Reached XP level 12. HP: 29/93 MP: 7/22
 18243 | Lair:3   | Found a hole to the Spider Nest.
 19441 | Lair:3   | Reached *** piety under Ashenzari
 20003 | Lair:4   | Found a staircase to the Swamp.
 21297 | Lair:5   | Found a staircase to the Slime Pits.
 22333 | Lair:5   | Noticed a four-headed hydra
 22379 | Lair:5   | Killed a four-headed hydra
 22379 | Lair:5   | Reached XP level 13. HP: 59/101 MP: 18/24
 23023 | Lair:6   | Entered Level 6 of the Lair of Beasts
 23415 | D:4      | Bought a heavy robe for 136 gold pieces
 23430 | D:4      | Upgraded the game from 0.25-a0-478-g33c61bdccf to
                  | 0.25-a0-479-g8579842fd4
 23555 | D:6      | Killed Menkaure
 23832 | D:10     | Killed a rakshasa
 24204 | Lair:2   | Upgraded the game from 0.25-a0-479-g8579842fd4 to
                  | 0.25-a0-492-g44cc58d149
 27121 | Lair:6   | Reached **** piety under Ashenzari
 27544 | Lair:6   | Found a snail-covered altar of Cheibriados.
 28874 | Lair:6   | Reached XP level 14. HP: 94/109 MP: 26/26
 29484 | Lair:6   | Found a runed translucent door.
 30216 | Lair:6   | Reached skill level 10 in Fighting
 30216 | Lair:6   | Reached skill level 10 in Armour
 30216 | Lair:6   | Reached skill level 10 in Dodging
 31368 | Swamp:1  | Entered Level 1 of the Swamp
 31527 | Spider:1 | Entered Level 1 of the Spider Nest
 32022 | Lair:3   | Reached skill level 10 in Stealth
 32723 | Spider:1 | Learned a level 5 spell: Yara's Violent Unravelling
 32741 | Spider:1 | Noticed an emperor scorpion
 32861 | Spider:2 | Noticed an emperor scorpion
 33207 | Spider:1 | Reached skill level 10 in Invocations
 34330 | Lair:3   | Upgraded the game from 0.25-a0-492-g44cc58d149 to
                  | 0.25-a0-502-g6516661a7a
 35612 | Spider:2 | Noticed an entropy weaver
 36199 | Spider:2 | HP: 5/111 [wolf spider (6)]
 37951 | Spider:1 | Killed an emperor scorpion
 38352 | Spider:2 | Reached XP level 15. HP: 106/117 MP: 25/28
 38465 | Spider:1 | Reached skill level 10 in Axes
 38812 | Spider:2 | Reached skill level 10 in Unarmed Combat
 38812 | Spider:2 | Reached skill level 10 in Evocations
 39528 | Spider:3 | Identified the +2 robe of Gacrit {Int+4 Slay+2 Stlth+} (You
                  | bought it in a shop on level 4 of the Dungeon)
 41523 | Spider:4 | Entered Level 4 of the Spider Nest
 41556 | Spider:4 | Identified the cursed +0 robe "Icaiwal" {rElec rC+ MR+++
                  | Str-5}
 41575 | Spider:4 | Learned a level 5 spell: Summon Mana Viper
 41582 | Spider:4 | Learned a level 5 spell: Summon Forest
 42610 | Spider:4 | Noticed an emperor scorpion
 42659 | Spider:4 | Reached skill level 10 in Short Blades
 42659 | Spider:4 | Reached skill level 10 in Long Blades
 42659 | Spider:4 | Reached skill level 10 in Maces & Flails
 42659 | Spider:4 | Reached skill level 10 in Polearms
 42659 | Spider:4 | Reached skill level 10 in Staves
 42659 | Spider:4 | Reached skill level 10 in Slings
 42659 | Spider:4 | Reached skill level 10 in Bows
 42659 | Spider:4 | Reached skill level 10 in Crossbows
 42659 | Spider:4 | Reached skill level 10 in Throwing
 42659 | Spider:4 | Reached skill level 10 in Shields
 42659 | Spider:4 | Reached skill level 10 in Spellcasting
 42810 | Spider:4 | Killed an emperor scorpion
 43704 | Spider:4 | Noticed an emperor scorpion
 43790 | Spider:4 | Killed an emperor scorpion
 44152 | Spider:4 | Noticed an emperor scorpion
 45017 | D:8      | Bought a potion of heal wounds for 70 gold pieces
 45017 | D:8      | Bought a potion of resistance for 140 gold pieces
 45017 | D:8      | Bought a potion of heal wounds for 70 gold pieces
 45017 | D:8      | Bought a potion of curing for 42 gold pieces
 45017 | D:8      | Bought a potion of heal wounds for 70 gold pieces
 45465 | Spider:4 | Noticed a ghost moth
 45530 | Spider:4 | Killed a ghost moth
 46082 | Spider:4 | Noticed a ghost moth
 46133 | Spider:4 | HP: 4/118 [ghost moth (5)]
 46136 | Spider:4 | Slain by a ghost moth

Levels and vault maps discovered:
D:1:      psy_arrival_conway, layout_loops_ring
D:2:      layout_basic, minivault_14, minmay_octomino_e4
D:3:      layout_basic, grunt_temple_overflow_opulence
D:4:      layout_basic, nicolae_overflow_hidden_temple, serial_shops,
          shop_fountains
D:5:      layout_cave_pools, lemuel_round_altar, minmay_temple_entry_fiery,
          first_ration, chequers_serial_rivers_micro_c, uniq_duvessa
D:6:      layout_loops_ring, gammafunk_ghost_mausoleum, uniq_maggie
D:7:      layout_gridville, uniq_crazy_yiuf_cottage, uniq_menkaure
D:8:      layout_loops_corners, serial_shops, nicolae_shop_statue_plus,
          uniq_harold, uniq_pikel
D:9:      layout_basic, lair_entry_dummy
D:10:     layout_small_grid, minmay_shattered_shrine
D:11:     layout_basic, zombieorc2_lemuel, hangedman_stone_soup,
          kennysheep_decorative_pillar
Temple:   eino_temple_scatter_basement
Lair:1:   lemuel_ratsnest, layout_regular_city, grunt_megastairs_5, uniq_sonja
Lair:2:   layout_loops_ring, serial_bayou_pond_c, infiniplex_staircase_pool
Lair:3:   layout_cave_shapes, nicolae_spider_entry_non_spiders
Lair:4:   layout_long_grid, swamp_mist_pool, serial_bayou_pond_e,
          serial_bayou_shore_b, grunt_megastairs_3
Lair:5:   layout_regular_city, minmay_slime_entry_pillars
Lair:6:   wormcave, layout_gridlike, hangedman_lair_tendril_chambers,
          kennysheep_snail_temple
Swamp:1:  layout_falls_marsh, hangedman_swamp_pad, uniq_donald
Spider:1: layout_spider_delve, hangedman_spider_tarantella_strand
Spider:2: layout_spider_delve
Spider:3: layout_spider_delve
Spider:4: floodkiller_spider_rune_tomb

Skill      XL: |  1  2  3  4  5  6  7  8  9 10 11 12 13 14 15 |
---------------+----------------------------------------------+-----
Invocations    | 1 2 3 4 5 6 7 8 9 10 11 | 11.0
Short Blades   | 1 2 3 4 5 6 7 8 9 10 | 10.2
Long Blades    | 1 2 3 4 5 6 7 8 9 10 | 10.2
Axes           | 1 2 3 4 5 6 7 8 9 11 | 11.1
Maces & Flails | 1 2 3 4 5 6 7 8 9 10 | 10.2
Polearms       | 1 2 3 4 5 6 7 8 9 10 | 10.2
Staves         | 1 2 3 4 5 6 7 8 9 10 | 10.2
Slings         | 1 2 3 4 5 6 7 8 9 10 | 10.2
Bows           | 1 2 3 4 5 6 7 8 9 10 | 10.2
Crossbows      | 1 2 3 4 5 6 7 8 9 10 | 10.2
Throwing       | 1 2 3 4 5 6 7 8 9 10 | 10.2
Shields        | 1 2 3 4 5 6 7 8 9 10 | 10.2
Spellcasting   | 1 2 3 4 5 6 7 8 9 10 | 10.2
Conjurations   | 1 2 3 4 5 6 7 8 |  8.6
Hexes          | 1 2 3 4 5 6 7 8 |  8.6
Charms         | 1 2 3 4 5 6 7 8 |  8.6
Summonings     | 1 2 3 4 5 6 7 8 |  8.6
Necromancy     | 1 2 3 4 5 6 7 8 |  8.6
Translocations | 1 2 3 4 5 6 7 8 |  8.6
Transmutations | 1 2 3 4 5 6 7 8 |  8.6
Fire Magic     | 1 2 3 4 5 6 7 8 |  8.6
Ice Magic      | 1 2 3 4 5 6 7 8 |  8.6
Air Magic      | 1 2 3 4 5 6 7 8 |  8.6
Earth Magic    | 1 2 3 4 5 6 7 8 |  8.6
Poison Magic   | 1 2 3 4 5 6 7 8 |  8.6
Unarmed Combat | 3 4 5 6 7 8 9 10 | 10.5
Evocations     | 3 4 5 6 7 8 9 10 | 10.5
Fighting       | 5 6 7 8 9 10 11 | 11.1
Armour         | 5 6 7 8 9 10 11 | 11.1
Dodging        | 5 6 7 8 9 10 11 | 11.1
Stealth        | 5 6 7 8 9 10 11 | 11.0

Action                   |  1- 3 |  4- 6 |  7- 9 | 10-12 | 13-15 || total
-------------------------+-------+-------+-------+-------+-------++-------
Melee: Unarmed           |   107 |       |       |       |       ||   107
       Bite              |    15 |    32 |   102 |   353 |   365 ||   867
       Punch             |     1 |     3 |    17 |       |       ||    21
       Spear             |     9 |    23 |   139 |       |       ||   171
       Dagger            |       |   207 |   768 |  2533 |  2384 ||  5892
       Whip              |       |    32 |    12 |       |       ||    44
Throw: Boomerang         |       |       |       |    40 |    53 ||    93
 Cast: Summon Mana Viper |       |       |       |       |    13 ||    13
       Summon Forest     |       |       |       |       |     7 ||     7
Invok: Curse Item        |       |       |     2 |       |     1 ||     3
       Scrying           |       |       |       |     7 |     6 ||    13
Evoke: Wand              |       |       |    19 |    10 |    36 ||    65
       Phial of floods   |       |       |       |       |     4 ||     4
       Lightning rod     |       |       |       |       |     4 ||     4
  Use: Scroll            |       |     2 |     7 |    10 |    26 ||    45
       Potion            |       |       |     1 |     8 |    23 ||    32
 Stab: Sleeping          |     8 |     8 |     9 |    25 |    24 ||    74
       Paralysed         |       |       |     2 |       |       ||     2
       Distracted        |       |       |       |     3 |    10 ||    13
  Eat: Chunk             |     2 |     7 |    16 |    28 |    13 ||    66
       Ration            |       |       |       |    12 |    21 ||    33
Armor: Robe              |     6 |       |       |       |       ||     6
       Ring mail         |     3 |    75 |       |       |       ||    78
       Leather armour    |       |    11 |   222 |   277 |       ||   510
       Skin              |       |       |       |    24 |       ||    24
       Swamp dragon scal |       |       |       |   101 |   768 ||   869
Dodge: Dodged            |    69 |   198 |   605 |  1365 |  1600 ||  3837
Block: Buckler           |       |       |    56 |   496 |   689 ||  1241

Table legend:
 A = Non-vault XP
 B = Vault XP
 C = Vault XP percentage of total XP
 D = Non-vault monster count
 E = Vault monster count
 F = Vault count percentage of total count
                 A         B        C        D         E       F
            +---------+---------+-------+---------+---------+-------
      Total |   78740 |   44832 |  36.3 |     446 |     191 |  30.0
            +---------+---------+-------+---------+---------+-------
        D:1 |      30 |       0 |   0.0 |      19 |       0 |   0.0
        D:2 |      43 |      57 |  57.0 |      17 |       4 |  19.0
        D:3 |      93 |       0 |   0.0 |      32 |       0 |   0.0
        D:4 |     178 |       0 |   0.0 |      13 |       0 |   0.0
        D:5 |     368 |     227 |  38.2 |      16 |       2 |  11.1
        D:6 |    1433 |     551 |  27.8 |      34 |       2 |   5.6
        D:7 |    1815 |      39 |   2.1 |      27 |       1 |   3.6
        D:8 |     717 |    1619 |  69.3 |      16 |       2 |  11.1
        D:9 |    2764 |    1077 |  28.0 |      28 |       8 |  22.2
       D:10 |     821 |    3161 |  79.4 |      18 |      11 |  37.9
     Lair:1 |    3467 |    1215 |  26.0 |      14 |      44 |  75.9
     Lair:2 |    4130 |       0 |   0.0 |      15 |       0 |   0.0
     Lair:3 |    7730 |    1239 |  13.8 |      35 |      11 |  23.9
     Lair:4 |    1181 |     566 |  32.4 |       6 |       2 |  25.0
     Lair:5 |    4919 |    1100 |  18.3 |      19 |       8 |  29.6
     Lair:6 |    7632 |   15592 |  67.1 |      20 |      49 |  71.0
    Swamp:1 |    1125 |       0 |   0.0 |       2 |       0 |   0.0
   Spider:1 |   13852 |     219 |   1.6 |      44 |       1 |   2.2
   Spider:2 |   13000 |       0 |   0.0 |      32 |       0 |   0.0
   Spider:3 |    9013 |     297 |   3.2 |      27 |       1 |   3.6
   Spider:4 |    4429 |   17873 |  80.1 |      12 |      45 |  78.9
            +---------+---------+-------+---------+---------+-------
